 Dungeon Crawl Stone Soup version 0.31.0-9-g3a7656b989 (webtiles) character file.

Game seed: 4924314563708816837

106 Malachi the Changeling (level 4, -1/32 HPs)
             Began as a Merfolk Shapeshifter on Jan 30, 2024.
             Was a Follower of the Shining One.
             Succumbed to a scorpion's poison
             ... on level 3 of the Dungeon.
             The game lasted 00:03:07 (1724 turns).

Malachi the Changeling (Merfolk Shapeshifter)       Turns: 1724, Time: 00:03:07

Health: -1/32      AC:  2    Str: 18 (20) XL:     4   Next: 84%
Magic:  4/4        EV: 13    Int:  6 (9)  God:    the Shining One [*.....]
Gold:   96         SH:  0    Dex: 14 (15) Spells: 3/3 levels left

rFire   + . .        f - +0 sling
rCold   + . .        (no shield)
rNeg    . . .        a - +0 animal skin
rPois   +            (helmet currently unavailable)
rElec   +            (cloak currently unavailable)
rCorr   +            (gloves currently unavailable)
SInv    .            (boots currently unavailable)
Will    +....        (no amulet)
Stlth   +            l - +6 ring of strength
HPRegen 0.25/turn    i - ring of resist corrosion
MPRegen 0.09/turn

%: no passive effects
@: lethally poisoned (-1 -> -14), beast-form, resistant, enlightened, flying,
glowing
A: beast (slay +3), (nimble swimmer 2), mertail
a: Begin Untransformation, Renounce Religion, Divine Shield


You were on level 3 of the Dungeon.
You worshipped the Shining One.
The Shining One was aware of your devotion.
You were a hulking beast.
You visited 1 branch of the dungeon, and saw 3 of its levels.

You collected 96 gold pieces.

Inventory:

Hand Weapons
 f - a +0 sling (weapon)
Missiles
 u - a throwing net
Armour
 a - a +0 animal skin (worn)
 s - a +2 pair of gloves
Jewellery
 i - a ring of resist corrosion (right hand)
 l - a +6 ring of strength (left hand)
Talismans
 c - a beast talisman
 d - a flux talisman
 j - a serpent talisman
Scrolls
 e - a scroll of fear {unknown}
 h - a scroll of enchant weapon {unknown}
 m - a scroll of identify {unknown}
 q - 2 scrolls of noise {unknown}
 r - a scroll of immolation {unknown}
 t - a scroll of blinking {unknown}
Potions
 b - a potion of lignification
 p - 2 potions of curing {unknown}


   Skills:
 - Level 1.4 Fighting
 - Level 0.3 Long Blades
 - Level 0.1 Maces & Flails
 - Level 1.1 Ranged Weapons
 - Level 3.0 Dodging
 - Level 3.4 Unarmed Combat
 - Level 0.1 Hexes
 - Level 0.3 Ice Magic
 - Level 0.1 Earth Magic
 - Level 0.1 Alchemy
 * Level 5.8 Shapeshifting


You had 3 spell levels left.
You didn't know any spells.
Your spell library was empty.

Dungeon Overview and Level Annotations

Branches:
Dungeon (3/15)

Altars:
The Shining One


Innate Abilities, Weirdness & Mutations

You are a hulking beast.
Your limbs bulge with bestial killing power. (Slay +3)
((You are very nimble when in or above water. (Stealth+, EV+, Speed+++)))
Your lower body shifts to a powerful aquatic tail in water.


Message History

The orc wizard hits you with a +0 dagger.
The orc throws a boomerang.
The boomerang barely misses you.
You see here a +0 flail.
You bump into the rock wall.
You feel less confused.
Things that are here:
a +0 whip; a quokka corpse; a gnoll corpse You see here a quokka corpse.
Okay, then.
The scorpion attacks as it pursues you! The scorpion stings you.
You are poisoned.
The scorpion poisons you!
You feel sick. The scorpion misses you.
You feel sick.
You feel sick.
You feel sick. The scorpion attacks as it pursues you! The scorpion stings you!
You are more poisoned.
The scorpion poisons you!
You feel very sick.
It was a potion of degeneration.
There was something very wrong with that liquid.
You feel weakened.
You feel dopey.
You feel clumsy.
You feel very sick.
A giant cockroach comes into view.
The scorpion barely misses you.
It was a potion of enlightenment.
You feel very buoyant.
You fly up into the air.
* * * LOW HITPOINT WARNING * * *
You feel very sick. The scorpion stings you.
* * * LOW HITPOINT WARNING * * *
You are more poisoned.
The scorpion poisons you! The scorpion closely misses you.
It was a potion of magic.
Magic courses through your body.
* * * LOW HITPOINT WARNING * * *
You feel very sick. The scorpion closely misses you.
It was a potion of resistance.
You feel protected.
You die...

#######.....#..##
####.................
............###..###.
.............#.### . ........
.B#######........ .......# #.
#.......####.. .......#
#.##.#.##### #. #......#
#....#.# #. #.....)######
##h.)†.#
#$....)##)†.###s.....#####
#...w.##)#..o.o.#.......######.
##os.#o#......#.#####........
#....#.##....##.# ########.
#....o.##....##.#
####.......##..##..#
...........##..# ...
............####....


You could see a scorpion, an orc wizard (invisible), an orc and a giant
cockroach.

Vanquished Creatures
  3 gnolls (D:3)
  An adder (D:2)
  A dart slug (D:3)
  5 bats
  8 endoplasms
  2 giant cockroaches (D:2)
  4 goblins
  6 hobgoblins
  3 jackals (D:2)
  5 quokkas
  6 ball pythons
  3 frilled lizards
  8 kobolds
  2 rats (D:1)
57 creatures vanquished.

Notes
Turn   | Place    | Note
-------+----------+-------------------------------------------
     0 | D:1      | Malachi the Merfolk Shapeshifter began the quest for the
                  | Orb.
     0 | D:1      | Reached XP level 1. HP: 15/15 MP: 1/1
   287 | D:1      | Found a faded altar of an unknown god.
   341 | D:1      | Reached XP level 2. HP: 21/21 MP: 2/2
   520 | D:1      | Reached skill level 1 in Ranged Weapons
   646 | D:1      | Prayed at the altar of an unknown god.
   646 | D:1      | Became a worshipper of the Shining One
   646 | D:1      | Reached * piety under the Shining One
   680 | D:2      | Reached XP level 3. HP: 26/26 MP: 3/3
  1562 | D:3      | Reached skill level 5 in Shapeshifting
  1562 | D:3      | Reached XP level 4. HP: 32/32 MP: 4/4
  1703 | D:3      | Noticed a scorpion
  1723 | D:3      | HP: 1/32 [poisoned by a scorpion]
  1724 | D:3      | Succumbed to a scorpion's poison

Illustrated notes

Levels and vault maps discovered:
D:1:      nicolae_arrival_somewhat_less_tricky_arrival, layout_rooms,
          shapermc_ecumenical_altar_hornbeckon, minmay_hexomino_p4
D:2:      layout_basic
D:3:      layout_rooms, chequers_serial_rivers_micro_b, reono_crystal_passage,
          minmay_misc_feat_x

Skill      XL: |  1  2  3 |
---------------+----------+-----
Dodging        | 3 |  3.0
Ranged Weapons | 1 |  1.1
Shapeshifting  | 5 |  5.8
Fighting       | |  1.4
Long Blades    | |  0.3
Maces & Flails | |  0.1
Unarmed Combat | |  3.4
Hexes          | |  0.1
Ice Magic      | |  0.3
Earth Magic    | |  0.1
Alchemy        | |  0.1

Action                     |  1- 3 |  4- 6 || total
---------------------------+-------+-------++-------
   Fire: Sling             |   132 |    48 ||   180
    Use: Potion            |       |     4 ||     4
 Armour: Animal skin       |    36 |    12 ||    48
  Dodge: Dodged            |    35 |    25 ||    60
